 Dungeon Crawl Stone Soup version 0.28-a0-1182-g381e24db82 (webtiles) character file.

Game seed: 15459532145513775947

7497 ChaosChampion the Martial Artist (level 11, 0/75 HPs)
             Began as an Octopode Transmuter on Dec 17, 2021.
             Was a Priest of Cheibriados.
             Slain by a four-headed hydra (3 damage)
             ... on level 11 of the Dungeon.
             The game lasted 00:21:56 (12781 turns).

ChaosChampion the Martial Artist (OpTm)            Turns: 12781, Time: 00:21:56

Health: 0/75       AC: 18    Str: 16    XL:     11   Next: 16%
Magic:  12/17      EV: 14    Int: 27    God:    Cheibriados [***...]
Gold:   654        SH:  0    Dex: 21    Spells: 3/18 levels left

rFire   x . .      SeeInvis .     - Unarmed
rCold   + + +      Faith    .   (shield currently unavailable)
rNeg    + . .      Spirit   .   (helmet currently unavailable)
rPois   +          Reflect  .   w - amulet of regeneration
rElec   .          Harm     .   e - +4 ring of protection
rCorr   .          Rampage  .   i - +4 ring of evasion
Will    .....                   s - +4 ring of protection
Stlth   ++........              B - ring of poison resistance
HPRegen 1.02/turn               A - ring of positive energy
MPRegen 0.15/turn               (no ring)
                                (no ring)
                                (no ring)

@: ice-form, wereblooded, invisible, very slow
A: freezing attack, boosted hp, almost no armour, amphibious, 8 rings, large,
(camouflage 1), (gelatinous body 1), (nimble swimmer 1), (tentacles), sense
surroundings 1, weak 1
a: End Transformation, Renounce Religion, Bend Time, Temporal Distortion


You were on level 11 of the Dungeon.
You worshipped Cheibriados.
Cheibriados was most pleased with you.
You were a creature of crystalline ice.
You visited 2 branches of the dungeon, and saw 12 of its levels.

You collected 1158 gold pieces.
You spent 504 gold pieces at shops.

Inventory:

Jewellery
 e - a +4 ring of protection (left front paw)
 i - a +4 ring of evasion (right front paw)
 s - a +4 ring of protection (on tentacle)
 w - an amulet of regeneration (around neck)
 A - a ring of positive energy (on tentacle)
 B - a ring of poison resistance (on tentacle)
Wands
 h - a wand of acid (7)
 n - a wand of iceblast (13) (quivered)
 r - a wand of paralysis (16)
 v - a wand of digging (1)
Scrolls
 b - 2 scrolls of fog
 k - a scroll of holy word
 o - a scroll of magic mapping
 u - a scroll of teleportation
 y - a scroll of silence
Potions
 a - a potion of curing
 d - a potion of haste {unknown}
 f - 5 potions of resistance
 g - a potion of might
 j - 3 potions of brilliance
 l - 3 potions of flight {unknown}
 m - 2 potions of magic {unknown}
 p - 3 potions of heal wounds {unknown}
 q - 2 potions of berserk rage {unknown}
 t - 2 potions of lignification {unknown}
 x - a potion of cancellation {unknown}
 z - 2 potions of attraction {unknown}


   Skills:
 - Level 1.0 Fighting
 - Level 2.0 Dodging
 * Level 12.2 Unarmed Combat
 - Level 4.0 Spellcasting
 + Level 8.7 Transmutations
 - Level 6.0 Ice Magic
 - Level 3.0 Poison Magic
 - Level 4.0 Invocations


You had 3 spell levels left.
You knew the following spells:

 Your Spells              Type           Power      Damage    Failure   Level
a - Beastly Appendage     Tmut           100%       N/A       1%          1
b - Wereblood             Tmut           51%        N/A       1%          2
c - Spider Form           Tmut/Pois      37%        N/A       2%          3
d - Ice Form              Ice/Tmut       45%        N/A       3%          4
e - Blade Hands           Tmut           25%        N/A       6%          5

Your spell library contained the following spells:

 Spells                   Type           Power      Damage    Failure   Level
 Foxfire                  Conj/Fire      20%        2x1d5     8%          1
 Magic Dart               Conj           20%        1d4       8%          1
 Call Imp                 Summ           5%         N/A       12%         2
 Static Discharge         Conj/Air       5%         N/A       12%         2
 Mephitic Cloud           Conj/Pois/Air  10%        N/A       16%         3
 Conjure Flame            Conj/Fire      5%         6-21      24%         3
 Inner Flame              Hex/Fire       5%         N/A       24%         3
 Dispel Undead            Necr           5%         3d7       61%         4
 Flame Wave               Conj/Fire      5%         2d4       61%         4
 Sticky Flame             Conj/Fire      5%         2d3       61%         4
 Fireball                 Conj/Fire      2%         3d4       91%         5
 Iron Shot                Conj/Erth      2%         9d2       100%        6
 Starburst                Conj/Fire      2%         6d3       100%        6
 Ignition                 Fire           2%         3d3       100%        8
 Animate Armour           Summ/Erth      Unusable   N/A       N/A         4

Dungeon Overview and Level Annotations

Branches:
Dungeon (11/15)            Temple (1/1) D:5            Lair (0/6) D:8
    Orc (0/2) D:9

Altars:
Ashenzari
Cheibriados
Dithmenos
Elyvilon
Fedhas
Gozag
Hepliaklqana
Kikubaaqudgha
Makhleb
Nemelex Xobeh
Okawaru
Qazlal
Ru
Sif Muna
Trog
Uskayaw
Vehumet
Wu Jian
Xom
Yredelemnul
Zin
The Shining One

Shops:
D:1 !=:   D:7 =   D:9 :([!


Innate Abilities, Weirdness & Mutations

You are a creature of crystalline ice.
You have a powerful freezing melee attack.
Your maximum health is increased.
Your armour is entirely melded.
You are incapable of wielding weapons or throwing items.
You cannot wear most types of armour.
You are amphibious.
You can wear up to eight rings at the same time.
((Your skin changes colour to match your surroundings (Stealth+).))
((Your rubbery body absorbs attacks. (AC +1, EV +1)))
((You are camouflaged near water. (Stealth+)))
((You have tentacles for arms and can constrict up to eight enemies at once.))
You passively map a small area around you.
You are weak. (Str -2)


Message History

Cheibriados thoroughly appreciates the change of pace.
You hear two shouts!
A two-headed ogre comes into view. It is wielding two +0 giant clubs.
Things that are here:
a +0 dire flail; a boomerang; a +0 chain mail The flow of time bends around you.
The four-headed hydra easily resists.
The four-headed hydra bites you.
The four-headed hydra bites you but does no damage.
The four-headed hydra misses you. The four-headed hydra bites you!
You pummel the four-headed hydra!! You freeze the four-headed hydra!
The four-headed hydra is heavily wounded.
The four-headed hydra bites you but does no damage.
The four-headed hydra bites you!
The four-headed hydra bites you but does no damage.
The four-headed hydra closely misses you.
You hit the four-headed hydra. You freeze the four-headed hydra.
The four-headed hydra is heavily wounded.
The four-headed hydra misses you. The four-headed hydra bites you.
The four-headed hydra bites you but does no damage.
The four-headed hydra closely misses you.
You feel better.
The two-headed ogre hits you but does no damage.
The two-headed ogre hits you with a +0 giant club!
The four-headed hydra barely misses you.
The four-headed hydra bites you.
The four-headed hydra bites you but does no damage.
The four-headed hydra bites you!
* * * LOW HITPOINT WARNING * * *
You fade into invisibility!
The four-headed hydra bites you!
* * * LOW HITPOINT WARNING * * *
The four-headed hydra misses you. The four-headed hydra bites you!
* * * LOW HITPOINT WARNING * * *
The four-headed hydra misses you.
You feel better. The two-headed ogre barely misses you.
The two-headed ogre hits you with a +0 giant club!
* * * LOW HITPOINT WARNING * * *
The four-headed hydra bites you but does no damage.
The four-headed hydra bites you.
You die...

(..#. ............#..,
,.#... , ..........#...#..
..#. ............#...#.
.#... ,
,...........[.#...#...#. .
,##.........#...#...#... ,
..##..#.........#...#...#.
,
....?...O.....#...#...#...
,
.......DY..#...#...#...#.
###....)#...#...#...#... ,
###.)..####...#...#...#.
#....)## #.#...#...#...
...[#..## ##..#...#...#.
....... * ###..#...#... ,
......., ###..#...#. *
....... ###..#... .#.....,
###..#.


You could see a four-headed hydra and a two-headed ogre.

Vanquished Creatures
  A two-headed ogre (D:11)
  A centaur zombie (D:10)
  An ice statue (D:10)
  A kobold demonologist (D:10)
  A troll (D:10)
  Prince Ribbit (D:5)
  A hornet (D:10)
  Sigmund (D:3)
  A wyvern (D:10)
  5 yaks (D:9)
  A steam dragon (D:9)
  Edmund (D:5)
  Menkaure (D:5)
  2 acid dragons
  A water moccasin (D:9)
  A hornet zombie (D:8)
  4 orc warriors
  A sky beast (D:6)
  2 necrophages
  2 ogres
  4 centaurs
  2 phantoms (D:5)
  Blork the orc (D:6)
  4 kobold brigands
  4 bullfrogs
  4 scorpions
  A water moccasin zombie (D:7)
  4 killer bees (D:9)
  4 wights (D:7)
  4 howler monkeys
  Crazy Yiuf (D:3)
  2 hounds
  3 orc priests
  2 jellies
  A gnoll shaman (D:9)
  Natasha (thrice) (D:3)
  3 iguanas
  6 orc wizards
  2 howler monkey zombies (D:10)
  8 gnolls
  10 adders
  2 white imps
  An ufetubus (D:4)
  An adder skeleton (D:4)
  A worm (D:5)
  5 dart slugs
  22 orcs
  6 endoplasms
  3 giant cockroaches
  3 goblins
  5 hobgoblins
  A jackal (D:4)
  24 kobolds
  6 quokkas
  10 ball pythons
  8 bats
  3 frilled lizards
  10 rats
214 creatures vanquished.

Vanquished Creatures (others)
  A kobold (D:9)
  5 toadstools (D:4)
  2 withered plants (D:10)
8 creatures vanquished.

Grand Total: 222 creatures vanquished

Notes
Turn   | Place    | Note
-------+----------+-------------------------------------------
     0 | D:1      | ChaosChampion the Octopode Transmuter began the quest for
                  | the Orb.
     0 | D:1      | Reached XP level 1. HP: 13/13 MP: 3/3
   282 | D:1      | Found Poboos Gudu's Distillery.
   365 | D:1      | Reached XP level 2. HP: 14/18 MP: 3/5
   433 | D:1      | Learned a level 2 spell: Wereblood
   804 | D:1      | Found Ifausaat's Jewellery Shop.
   828 | D:1      | Reached XP level 3. HP: 20/23 MP: 1/6
   878 | D:1      | Learned a level 3 spell: Spider Form
   884 | D:1      | Found Iduuh's Book Emporium.
  1549 | D:2      | Reached skill level 4 in Unarmed Combat
  1716 | D:2      | Reached skill level 1 in Poison Magic
  1902 | D:2      | Reached XP level 4. HP: 28/28 MP: 3/7
  2164 | D:2      | Found a faded altar of an unknown god.
  2869 | D:2      | Reached XP level 5. HP: 21/33 MP: 2/8
  3235 | D:3      | Noticed Natasha
  3239 | D:3      | Killed Natasha
  3421 | D:3      | Noticed Sigmund
  3436 | D:3      | Killed Sigmund
  3437 | D:3      | Reached skill level 5 in Unarmed Combat
  3437 | D:3      | Reached XP level 6. HP: 13/38 MP: 4/9
  3897 | D:3      | Found a runed translucent door.
  3898 | D:3      | Noticed Crazy Yiuf
  4097 | D:3      | Noticed Natasha
  4108 | D:3      | Killed Natasha
  4184 | D:3      | Noticed Natasha
  4192 | D:3      | Killed Natasha
  4338 | D:3      | Killed Crazy Yiuf
  4339 | D:3      | Reached skill level 6 in Unarmed Combat
  4420 | D:4      | Reached XP level 7. HP: 43/43 MP: 6/10
  5841 | D:4      | Reached skill level 7 in Unarmed Combat
  5884 | D:4      | Learned a level 4 spell: Ice Form
  5930 | D:5      | Entered Level 5 of the Dungeon
  5945 | D:5      | Reached skill level 5 in Transmutations
  5947 | D:5      | Reached XP level 8. HP: 22/48 MP: 6/11
  6131 | D:5      | Noticed Menkaure
  6146 | D:5      | Killed Menkaure
  6147 | D:5      | Reached skill level 1 in Ice Magic
  6455 | D:5      | Noticed Prince Ribbit
  6464 | D:5      | Killed Prince Ribbit
  6465 | D:5      | Reached skill level 8 in Unarmed Combat
  6491 | D:6      | Gained mutation: You are weak. (Str -2) [potion of
                  | mutation]
  6491 | D:6      | Gained mutation: You passively map a small area around you.
                  | [potion of mutation]
  6810 | D:5      | Found a staircase to the Ecumenical Temple.
  6957 | D:6      | Noticed Blork the orc
  6971 | D:6      | Killed Blork the orc
  7201 | D:6      | Reached XP level 9. HP: 52/53 MP: 10/14
  7471 | Temple   | Entered the Ecumenical Temple
  7732 | Temple   | Became a worshipper of Cheibriados the Contemplative
  7805 | D:5      | Noticed Edmund
  7826 | D:5      | Killed Edmund
  8022 | D:5      | Reached skill level 9 in Unarmed Combat
  8881 | D:7      | Found Ytong's Jewellery Boutique.
  9118 | D:1      | Bought a +4 ring of protection for 504 gold pieces
  9652 | D:7      | Reached * piety under Cheibriados
  9653 | D:7      | Reached skill level 1 in Invocations
 10481 | D:8      | Reached skill level 5 in Ice Magic
 10512 | D:8      | Reached skill level 10 in Unarmed Combat
 10512 | D:8      | Reached XP level 10. HP: 27/58 MP: 12/16
 10698 | D:8      | Found a staircase to the Lair.
 11183 | D:9      | Found a staircase to the Orcish Mines.
 11191 | D:9      | Found Siachuad's Weapon Emporium.
 11219 | D:9      | Reached ** piety under Cheibriados
 11319 | D:9      | Found Zoag's Distillery.
 11485 | D:9      | Found Icaasijesi's Book Emporium.
 11753 | D:9      | Found Vypufrec's Armour Shoppe.
 11984 | D:10     | Entered Level 10 of the Dungeon
 11986 | D:10     | Noticed an ice statue
 11998 | D:10     | Reached skill level 11 in Unarmed Combat
 12004 | D:10     | Reached *** piety under Cheibriados
 12215 | D:10     | Killed an ice statue
 12237 | D:10     | Learned a level 5 spell: Blade Hands
 12241 | D:10     | Paralysed by a hornet for 3 turns
 12249 | D:10     | Reached XP level 11. HP: 38/63 MP: 13/17
 12577 | D:10     | Found an ancient bone altar of Kikubaaqudgha.
 12762 | D:11     | Reached skill level 12 in Unarmed Combat
 12764 | D:11     | Noticed a two-headed ogre
 12767 | D:11     | Noticed a four-headed hydra
 12773 | D:11     | Killed a two-headed ogre
 12774 | D:11     | Noticed a two-headed ogre
 12780 | D:11     | HP: 3/75 [four-headed hydra (9)]
 12781 | D:11     | Slain by a four-headed hydra

Illustrated notes

Levels and vault maps discovered:
D:1:      arrival_zaba_pyramid, layout_basic, serial_shops,
          nicolae_shop_statue_plus, nicolae_shop_advertising_works
          [nicolae_subvault_shop_adworks], nicolae_shop_stone,
          minmay_pentomino_u4
D:2:      layout_loops_ring, hellmonk_ecumenical_altar_zigzags, chequers_avenue
D:3:      layout_basic, uniq_natasha, uniq_crazy_yiuf_cottage, uniq_sigmund
D:4:      minmay_polygon_palace, layout_cave_pods, minmay_gold_behind_fungi
D:5:      layout_rooms, minmay_temple_entry_from_below_a, uniq_edmund,
          uniq_menkaure, uniq_prince_ribbit1
D:6:      layout_gridville, grunt_ministairs_8, uniq_blork_the_orc
D:7:      layout_basic, serial_shops, shop
D:8:      layout_rooms, lair_entry_dummy
D:9:      layout_loops_cross, orc_0_dummy, serial_shops, shop, shop,
          nicolae_shop_statue_plus, shop
D:10:     layout_rooms, kiku_gazebo_garden_becter, minivault_16
D:11:     layout_cave_pools, corexii_corridor_pit, hex_large
Temple:   compressed_dpeg_triangle_lava_temple

Skill      XL: |  1  2  3  4  5  6  7  8  9 10 11 |
---------------+----------------------------------+-----
Unarmed Combat | 4 5 6 7 8 10 11 12 | 12.2
Poison Magic   | 1 2 3 |  3.0
Transmutations | 3 4 5 6 8 |  8.7
Ice Magic      | 3 5 6 |  6.0
Spellcasting   | 3 4 |  4.0
Invocations    | 2 4 |  4.0
Fighting       | |  1.0
Dodging        | |  2.0

Action                   |  1- 3 |  4- 6 |  7- 9 | 10-12 || total
-------------------------+-------+-------+-------+-------++-------
Melee: Unarmed           |    81 |    80 |   310 |   165 ||   636
       Constrict         |    19 |    14 |     2 |     2 ||    37
       Tentacles         |     9 |     7 |     2 |     3 ||    21
       Kick              |     7 |     6 |     1 |       ||    14
       Punch             |     2 |     1 |       |       ||     3
 Cast: Beastly Appendage |    21 |    12 |     3 |       ||    36
       Wereblood         |    15 |    14 |    35 |    14 ||    78
       Spider Form       |     2 |    11 |    43 |     8 ||    64
       Ice Form          |       |       |       |     8 ||     8
       Blade Hands       |       |       |       |     1 ||     1
Invok: Bend Time         |       |       |       |     1 ||     1
Evoke: Wand              |       |       |     2 |       ||     2
  Use: Potion            |       |     1 |     4 |     4 ||     9
       Scroll            |       |     2 |     7 |     6 ||    15
 Stab: Sleeping          |     6 |     4 |     2 |       ||    12
Armor: Skin              |     6 |     3 |    37 |    58 ||   104
Dodge: Dodged            |    55 |    54 |   294 |   153 ||   556

Table legend: (Time is in decaauts)
 A = Elapsed time spent in this place.
 B = Non-inter-level travel time spent in this place.
 C = Inter-level travel time spent in this place.
 D = Time resting spent in this place.
 E = Time spent auto-exploring this place.
 F = Levels seen in this place.
 G = Mean time per level.
                   A        B        C        D        E       F      G
               +--------+--------+--------+--------+--------+-----+--------+
         Total |  14131 |  13240 |    891 |    219 |  10838 |  12 | 1177.6 |
       Dungeon |  13853 |  12962 |    891 |    219 |  10611 |  11 | 1259.4 |
        Temple |    277 |    277 |      0 |      0 |    227 |   1 |  277.0 |
               +--------+--------+--------+--------+--------+-----+--------+

Top non-repeatable levels by time:
     D:4: 1650 daAuts
     D:1: 1546 daAuts
     D:7: 1545 daAuts
     D:2: 1526 daAuts
     D:3: 1507 daAuts
     D:6: 1358 daAuts
     D:5: 1348 daAuts
     D:8: 1133 daAuts
     D:9: 1122 daAuts
    D:10: 1002 daAuts
  Temple: 277 daAuts
    D:11: 112 daAuts
